 Dungeon Crawl Stone Soup version 0.23.2-30-g0e89c35649 (webtiles) character file.

Game seed: 9171897814268713016

27734 Hivemind the Carver (level 13, -8/108 HPs)
             Began as a Hill Orc Fighter on June 9, 2019.
             Was the Champion of Okawaru.
             Killed by divine providence
             ... invoked by an orc high priest
              (14 damage)
             ... on level 2 of the Orcish Mines.
             The game lasted 01:52:21 (17363 turns).

Hivemind the Carver (Hill Orc Fighter)             Turns: 17363, Time: 01:52:22

Health: -8/108     AC: 19    Str: 30      XL:     13   Next: 34%
Magic:  14/14      EV:  5    Int:  0 (4)  God:    Okawaru [******]
Gold:   985        SH: 21    Dex: 11      Spells: 13/15 levels left

rFire    . . .     SeeInvis +   B - +2 double sword of Inconvenience {freeze, rPois Str+4 Int-4}
rCold    . . .     Gourm    .   y - +1 large shield {reflect}
rNeg     . . .     Faith    .   R - +1 plate armour {rPois}
rPois    +         Spirit   .   q - +0 helmet
rElec    .         Reflect  +   (no cloak)
rCorr    .         Harm     .   c - +2 pair of gloves
MR       .....                  (no boots)
Stlth    ..........             I - amulet of magic regeneration
HPRegen  0.28/turn              v - ring of see invisible
MPRegen  0.39/turn              H - +5 ring of strength

@: slowed, lost intelligence, very slow
A: clumsy 1, low mp 2
a: Heroism, Finesse, Renounce Religion, Convert to Beogh


You were on level 2 of the Orcish Mines.
You worshipped Okawaru.
Okawaru was exalted by your worship.
You were hungry.

You visited 3 branches of the dungeon, and saw 14 of its levels.
You also visited: Sewer and Ice Cave.

You collected 1700 gold pieces.
You spent 715 gold pieces at shops.

Inventory:

Hand Weapons
 B - the +2 double sword of Inconvenience (weapon) {freeze, rPois Str+4 Int-4}
   (You found it in a sewer)

   It has been specially enchanted to freeze those struck by it, causing extra
   injury to most foes and up to half again as much damage against particularly
   susceptible opponents.
   It can also slow down cold-blooded creatures.
   It affects your strength (+4).
   It affects your intelligence (-4).
   It protects you from poison.
Missiles
 i - 23 tomahawks (quivered)
 n - 7 throwing nets
Armour
 c - a +2 pair of gloves (worn)
 q - a +0 helmet (worn)
 y - a +1 large shield of reflection (worn)
 R - a +1 plate armour of poison resistance (worn)
Magical Staves
 Q - an uncursed staff of air {unknown}
Jewellery
 b - the ring of Xugix {*Tele +Inv rN+ Int-3}
   (You found it in an ice cave)

   [ring of teleportation]

   It may teleport you next to monsters.
   It affects your intelligence (-3).
   It protects you from negative energy.
   It lets you turn invisible.
 k - an uncursed ring of flight
 v - a ring of see invisible (left hand)
 x - an uncursed amulet of harm
 D - an uncursed ring of wizardry
 E - an uncursed ring of poison resistance
 H - a +5 ring of strength (right hand)
 I - an amulet of magic regeneration (around neck)
 K - an uncursed ring of resist corrosion
Wands
 j - a wand of acid (20)
 m - a wand of enslavement (7)
 F - a wand of random effects (15)
Scrolls
 d - 2 scrolls of fear {unknown}
 g - 3 scrolls of remove curse
 r - 2 scrolls of identify
 u - 3 scrolls of fog
 z - 2 scrolls of amnesia
 G - 3 scrolls of blinking
 M - a scroll of immolation {unknown}
 N - 4 scrolls of enchant armour
 O - a scroll of torment {unknown}
 S - a scroll of teleportation
Potions
 e - a potion of ambrosia
 h - 5 potions of curing
 l - 3 potions of flight
 o - 2 potions of cancellation
 t - 2 potions of lignification
 w - 3 potions of magic
 A - 2 potions of brilliance
 C - a potion of invisibility
 J - a potion of berserk rage {unknown}
Miscellaneous
 L - a fan of gales
Comestibles
 a - a chunk of flesh
 f - 16 rations


   Skills:
 + Level 8.3 Fighting
 + Level 14.9 Long Blades
   Level 8.3 Maces & Flails
 + Level 8.7 Armour
 + Level 11.8 Shields
 - Level 1.7 Spellcasting
 - Level 2.4 Translocations
 - Level 6.1 Invocations


You had 13 spell levels left.
You knew the following spells:

 Your Spells              Type           Power        Failure   Level  Hunger
a - Blink                 Tloc           N/A          100%        2    ###....

Your spell library contained the following spells:

 Spells                   Type           Power        Failure   Level  Hunger
 Corona                   Hex            #......      100%        1    ##.....
 Summon Small Mammal      Summ           #...         100%        1    ##.....
 Call Imp                 Summ           #.......     100%        2    ###....
 Shroud of Golubria       Chrm/Tloc      #.........   100%        2    ###....
 Slow                     Hex            #.......     100%        2    ###....
 Call Canine Familiar     Summ           #.......     100%        3    ####...
 Gell's Gravitas          Tloc           #.........   100%        3    ####...
 Inner Flame              Hex/Fire       #.......     100%        3    ####...
 Lesser Beckoning         Tloc           #.........   100%        3    ####...
 Portal Projectile        Hex/Tloc       #.....       100%        3    ####...
 Recall                   Summ/Tloc      N/A          100%        3    ####...
 Summon Guardian Golem    Hex/Summ       #.......     100%        3    ####...
 Teleport Other           Tloc           #.......     100%        3    ####...
 Animate Dead             Necr           N/A          100%        4    #####..
 Cause Fear               Hex            #.........   100%        4    #####..
 Leda's Liquefaction      Hex/Erth       #.........   100%        4    #####..
 Passage of Golubria      Tloc           N/A          100%        4    #####..
 Summon Ice Beast         Ice/Summ       #.......     100%        4    #####..
 Summon Lightning Spire   Summ/Air       #.......     100%        4    #####..
 Borgnjor's Vile Clutch   Necr/Erth      #.........   100%        5    ######.
 Death Channel            Necr           #.........   100%        6    #######
 Simulacrum               Ice/Necr       #.........   100%        6    #######


Dungeon Overview and Level Annotations

Branches:
Dungeon (11/15)            Temple (1/1) D:7            Lair (0/6) D:10
    Orc (2/2) D:9             Elf (0/3) Orc:2

Altars:
Ashenzari
Cheibriados
Dithmenos
Elyvilon
Fedhas
Gozag
Hepliaklqana
Kikubaaqudgha
Makhleb
Nemelex Xobeh
Okawaru
Qazlal
Ru
Sif Muna
Trog
Uskayaw
Vehumet
Wu Jian
Xom
Yredelemnul
Zin
The Shining One
Beogh

Shops:
D:4 }:[[   D:5 (   D:7 *   D:10 }   Orc:2 :[[(


Innate Abilities, Weirdness & Mutations

You are clumsy. (Dex -2)
Your magical capacity is very low. (-20% MP)


Message History

The orc high priest hits you but does no damage.
The ufetubus completely misses you.
You riposte.
You barely miss the ufetubus.
The ufetubus hits you but does no damage.
The sixfirhy hits you.
* * * LOW HITPOINT WARNING * * *
The sixfirhy shocks you!
* * * LOW HITPOINT WARNING * * *
You closely miss the orc high priest.
The orc high priest shouts, "Join the one true god or die!"
The orc high priest is almost dead.
The orc high priest shouts, "Join the one true god or die!"
You block the sixfirhy's attack. You block the ufetubus's attack.
The ufetubus hits you but does no damage.
The neqoxec gestures at you.
Strange energies course through your body.
You feel clumsy.
The ufetubus hits you but does no damage. x2
The orc high priest invokes the aid of Beogh against you.
Beogh smites you!
You die...

≈≈## ≈≈≈ .≈# ≈≈#
##...## ♣#####≈#
##.....## # #≈≈##
##.......## ####≈≈≈#
#.........# .♣#≈≈≈##
#....8.((.# .....≈≈#
#.......(.# ......##
#...55.(# ..##.##
#..3@(# .##.## ##53o##
######## ##..3#
#####..### ##)(.##
#...#..'.# #.)(.#
#...#..#.###...## .
##'#####.##..).#.....#
.........##...##.....
##....#####...#.....#


You could see an orc high priest, a sixfirhy, a smoke demon, a neqoxec, a
crimson imp, a shadow imp and an ufetubus.

Vanquished Creatures
  An orc warlord (Orc:2)
  An ettin (Orc:2)
  Snorg (D:10)
  Erolcha (D:10)
  2 ice dragons (IceCv)
  4 two-headed ogres
  2 orc high priests (Orc:2)
  An unseen horror (D:7)
  2 orc knights (Orc:2)
  2 cyclopes
  4 orc sorcerers (Orc:2)
  Psyche (D:10)
  4 rime drakes
  6 trolls
  A spriggan (D:7)
  2 wraiths
  Sigmund (D:5)
  6 wyverns
  A basilisk (D:10)
  A hungry ghost (D:11)
  6 wargs
  An acid dragon (D:10)
  A sky beast (D:11)
  19 ice beasts
  2 phantoms
  12 ogres
  28 orc warriors
  3 crocodiles
  5 centaurs
  A big kobold (D:4)
  6 bullfrogs
  3 scorpions
  10 killer bees
  2 water moccasin skeletons
  4 wights (D:11)
  6 howler monkeys
  2 bullfrog zombies
  A centaur zombie (D:7)
  5 crimson imps
  A quasit (D:10)
  28 orc priests
  3 jellies
  4 bullfrog skeletons
  5 hounds
  12 orc wizards
  Ijyb (D:5)
  11 worker ants
  Terence (D:2)
  A killer bee zombie (D:8)
  2 hound zombies
  A hound skeleton (D:5)
  2 worker ant zombies
  19 adders
  6 gnolls (D:8)
  A river rat (D:4)
  3 shadow imps
  2 oozes
  An adder skeleton (D:8)
  3 dart slugs
  4 worms
  7 leopard geckos
  89 orcs
  7 ball pythons
  10 bats
  11 giant cockroaches
  11 hobgoblins
  3 jackals (D:1)
  6 quokkas
  9 frilled lizards
  6 goblins
  10 kobolds
  2 quokka zombies
  10 rats
  A bush (D:4)
454 creatures vanquished.

Notes
Turn   | Place    | Note
-------+----------+-------------------------------------------
     0 | D:1      | Hivemind the Hill Orc Fighter began the quest for the Orb.
     0 | D:1      | Reached XP level 1. HP: 19/19 MP: 1/1
   162 | D:1      | Reached XP level 2. HP: 26/26 MP: 2/2
   409 | D:1      | Reached XP level 3. HP: 25/31 MP: 3/3
  1123 | D:2      | Noticed Terence
  1132 | D:2      | Killed Terence
  1132 | D:2      | Reached XP level 4. HP: 26/39 MP: 4/4
  1372 | D:2      | Reached skill level 5 in Maces & Flails
  1957 | D:3      | Reached XP level 5. HP: 42/45 MP: 5/5
  2937 | D:4      | Noticed a phantom
  3017 | D:4      | Found Laiz's Armour Shoppe.
  3046 | D:4      | Found Xosefuf's Antique Armour Shop.
  3118 | D:4      | Noticed a big kobold
  3138 | D:4      | Killed a big kobold
  3138 | D:4      | Reached XP level 6. HP: 49/51 MP: 6/6
  3237 | D:4      | Found a glowing drain.
  3283 | Sewer    | Entered a sewer
  3573 | Sewer    | Reached XP level 7. HP: 27/57 MP: 7/7
  3763 | Sewer    | Got a steaming double sword
  3764 | Sewer    | Identified the +2 double sword of Inconvenience {freeze,
                  | rPois Str+4 Int-4} (You found it in a sewer)
  4017 | D:4      | Found Igoonos's Gadget Emporium.
  4072 | D:4      | Reached skill level 1 in Long Blades
  4117 | D:4      | Reached skill level 2 in Long Blades
  4319 | D:4      | Found Tirow's Book Shoppe.
  4327 | D:4      | Found a hazy altar of Hepliaklqana.
  4339 | D:4      | Found an ornate altar of the Wu Jian Council.
  4341 | D:4      | Found a basalt altar of Yredelemnul.
  4382 | D:4      | Found a white marble altar of Elyvilon.
  4489 | D:5      | Entered Level 5 of the Dungeon
  4612 | D:5      | Found a deep blue altar of Sif Muna.
  4659 | D:5      | Found a snail-covered altar of Cheibriados.
  4682 | D:5      | Noticed Ijyb
  4688 | D:5      | Reached skill level 3 in Long Blades
  4691 | D:5      | Killed Ijyb
  4743 | D:5      | Found an opulent altar of Gozag.
  4744 | D:5      | Reached skill level 4 in Long Blades
  4744 | D:5      | Reached XP level 8. HP: 62/64 MP: 8/8
  5030 | D:5      | Noticed Sigmund
  5041 | D:5      | Reached skill level 5 in Long Blades
  5041 | D:5      | Reached skill level 5 in Shields
  5064 | D:5      | Killed Sigmund
  5171 | D:5      | Found Azaot's Antique Weapon Emporium.
  5867 | D:6      | Reached skill level 6 in Long Blades
  6061 | D:6      | Reached skill level 7 in Long Blades
  6135 | D:6      | Reached XP level 9. HP: 48/70 MP: 9/9
  6458 | D:6      | Reached skill level 8 in Long Blades
  6842 | D:7      | Found an iron altar of Okawaru.
  6871 | D:7      | Became a worshipper of Warmaster Okawaru
  6963 | D:7      | Found Lipiam's General Store.
  7003 | D:7      | Found a staircase to the Ecumenical Temple.
  7016 | Temple   | Entered the Ecumenical Temple
  7111 | D:7      | Reached skill level 9 in Long Blades
  7283 | D:7      | Noticed an unseen horror
  7383 | D:7      | Killed an unseen horror
  7383 | D:7      | Reached * piety under Okawaru
  7383 | D:7      | Reached skill level 10 in Long Blades
  7559 | D:7      | Reached XP level 10. HP: 69/77 MP: 10/10
  7627 | D:7      | Found a shattered altar of Ashenzari.
  8448 | D:8      | Reached ** piety under Okawaru
  8550 | D:8      | Found a glowing golden altar of the Shining One.
  8619 | D:8      | Found a shadowy altar of Dithmenos.
  8619 | D:8      | Found a sparkling altar of Nemelex Xobeh.
  8682 | D:8      | Found an ancient bone altar of Kikubaaqudgha.
  8706 | D:8      | Noticed a two-headed ogre
  8713 | D:8      | Killed a two-headed ogre
  8713 | D:8      | Reached skill level 11 in Long Blades
  8979 | D:9      | Noticed a two-headed ogre
  9277 | D:9      | Killed a two-headed ogre
  9277 | D:9      | Reached *** piety under Okawaru
  9277 | D:9      | Reached skill level 12 in Long Blades
  9309 | D:9      | Reached **** piety under Okawaru
  9356 | D:9      | Found a staircase to the Orcish Mines.
  9504 | D:10     | Entered Level 10 of the Dungeon
  9625 | Orc:1    | Entered Level 1 of the Orcish Mines
  9673 | Orc:1    | Noticed a cyclops
 10003 | D:10     | Noticed Erolcha
 10010 | D:10     | Reached XP level 11. HP: 76/84 MP: 11/11
 10016 | D:10     | Killed Erolcha
 10131 | D:10     | Found Ziufaam's Gadget Shop.
 10619 | D:10     | Reached skill level 5 in Fighting
 10619 | D:10     | Reached skill level 10 in Shields
 11139 | D:10     | Noticed Psyche
 11155 | D:10     | Killed Psyche
 11329 | D:10     | Reached skill level 13 in Long Blades
 11403 | D:10     | Reached ***** piety under Okawaru
 11428 | D:10     | Noticed Snorg
 11445 | D:10     | Killed Snorg
 11445 | D:10     | Reached skill level 5 in Armour
 11712 | D:10     | Found a staircase to the Lair.
 12125 | D:11     | Noticed a two-headed ogre
 12280 | D:11     | Received a gift from Okawaru
 12374 | D:11     | Found a frozen archway.
 12385 | IceCv    | Entered an ice cave
 12405 | IceCv    | Reached skill level 1 in Invocations
 12612 | IceCv    | Reached XP level 12. HP: 33/97 MP: 13/13
 12906 | IceCv    | Noticed an ice dragon
 12906 | IceCv    | Noticed an ice dragon
 12927 | IceCv    | Killed an ice dragon
 13205 | IceCv    | Killed an ice dragon
 13517 | IceCv    | Got a vibrating iron ring
 13562 | IceCv    | Identified the ring of Xugix {*Tele +Inv rN+ Int-3} (You
                  | found it in an ice cave)
 14146 | D:11     | Reached skill level 14 in Long Blades
 14332 | Orc:2    | Entered Level 2 of the Orcish Mines
 14630 | Orc:2    | Noticed a two-headed ogre
 14665 | Orc:2    | Killed a two-headed ogre
 14707 | Orc:2    | Noticed a two-headed ogre
 14714 | Orc:2    | Killed a two-headed ogre
 14774 | Orc:2    | Reached ****** piety under Okawaru
 14800 | Orc:2    | Received a gift from Okawaru
 14946 | Orc:2    | Found a roughly hewn altar of Beogh.
 14986 | Orc:2    | Reached skill level 5 in Invocations
 15168 | Orc:2    | Found Fiokott's Book Emporium.
 15173 | Orc:2    | Bought a book of Spatial Translocations for 715 gold pieces
 15176 | Orc:2    | Learned a level 2 spell: Blink
 15464 | Orc:2    | Noticed an ettin
 15655 | Orc:1    | Reached skill level 1 in Translocations
 15854 | Orc:2    | Found Zyboopt's Antique Armour Shoppe.
 15964 | Orc:2    | Killed an ettin
 16196 | Orc:2    | Reached XP level 13. HP: 107/107 MP: 17/17
 16231 | Orc:2    | Found a staircase to the Elven Halls.
 16237 | Orc:2    | Reached skill level 1 in Spellcasting
 16330 | Orc:2    | Got a pair of jewelled gloves
 16341 | Orc:2    | Identified the +4 pair of gloves "Ringur" {rC- Regen+ Str-5
                  | Int+4} (You found it on level 2 of the Orcish Mines)
 16628 | Orc:2    | Noticed an orc warlord
 16643 | Orc:2    | Found a roughly hewn altar of Beogh.
 16678 | Orc:2    | Killed an orc warlord
 16967 | Orc:2    | Found Efykhleu's Antique Weapon Shoppe.
 17022 | Orc:2    | Found Hywazoxesa's Armour Boutique.
 17027 | Orc:2    | Lost intelligence.
 17028 | Orc:2    | Gained mutation: Your magical capacity is low. (-10% MP) [a
                  | neqoxec]
 17036 | Orc:2    | Received a gift from Okawaru
 17353 | Orc:2    | Lost intelligence.
 17357 | Orc:2    | Gained mutation: Your magical capacity is very low. (-20%
                  | MP) [a neqoxec]
 17363 | Orc:2    | Gained mutation: You are clumsy. (Dex -2) [a neqoxec]
 17363 | Orc:2    | Killed from afar by an orc high priest

Skill      XL: |  1  2  3  4  5  6  7  8  9 10 11 12 13 |
---------------+----------------------------------------+-----
Maces & Flails | 3 4 5 7 8 |  8.3
Long Blades    | 4 7 10 12 13 14 | 14.9
Shields        | 4 6 8 9 10 11 | 11.8
Fighting       | 4 6 7 8 |  8.3
Armour         | 6 7 8 |  8.7
Invocations    | 1 6 |  6.1
Translocations | 1 2 |  2.4
Spellcasting   | 1 |  1.7

Action                   |  1- 3 |  4- 6 |  7- 9 | 10-12 | 13-15 || total
-------------------------+-------+-------+-------+-------+-------++-------
Melee: Flail             |   107 |   299 |    11 |       |       ||   417
       Double sword      |       |       |   291 |   691 |   153 ||  1135
Throw: Tomahawk          |       |       |     5 |    90 |    35 ||   130
       Javelin           |       |       |       |    59 |    12 ||    71
Invok: Heroism           |       |       |       |     2 |     3 ||     5
       Finesse           |       |       |       |       |     1 ||     1
  Use: Scroll            |       |     7 |     6 |    10 |       ||    23
       Potion            |       |     1 |     4 |     5 |     2 ||    12
  Eat: Chunk             |     1 |     8 |    14 |    18 |     4 ||    45
       Ration            |       |       |       |     3 |       ||     3
Armor: Scale mail        |    48 |   125 |    38 |       |       ||   211
       Chain mail        |       |       |    68 |    33 |       ||   101
       Skin              |       |       |     6 |       |       ||     6
       Plate armour      |       |       |       |   219 |    51 ||   270
Dodge: Dodged            |    28 |    62 |    71 |   123 |    10 ||   294
Block: Shield            |    57 |    60 |   126 |   218 |       ||   461
       Large shield      |       |   135 |     6 |   311 |   124 ||   576
       Reflection        |       |     5 |       |     8 |     2 ||    15
       Rpst.: Double sword |       |       |    17 |    35 |     5 ||    57
